 Dungeon Sprint DCSS version 0.23-a0-109-g5e4b187 (webtiles) character file.

9400000 Fang the Axe Maniac (level 27, -7/273 HPs)
             Began as a Minotaur Gladiator on Aug 22, 2018.
             Was the Champion of Makhleb.
             Killed by divine providence
             ... invoked by an accursed
              (12 damage)
             ... in the Dungeon (Sprint VIII: "Arena of Blood").
             The game lasted 00:01:19 (94 turns).

Fang the Axe Maniac (Minotaur Gladiator)              Turns: 94, Time: 00:01:20

Health: -7/273     AC:  6    Str: 33    XL:     27
Magic:  33/53      EV: 27    Int:  5    God:    Makhleb [******]
Gold:   0          SH:  0    Dex: 11    Spells: 80/80 levels left

rFire    . . .     SeeInvis .   l - +∞ Axe of Woe
rCold    . . .     Gourm    .   (shield currently unavailable)
rNeg     . . .     Faith    .   b - +0 leather armour
rPois    .         Spirit   .   c - +0 hat
rElec    .         Reflect  .   (no cloak)
rCorr    .         Harm     .   (no gloves)
MR       ++...     NoTele   +   (no boots)
Stlth    +++++++++.             (no amulet)
HPRegen  0.55/turn              (no ring)
MPRegen  0.33/turn              (no ring)

@: no status effects
A: retaliatory headbutt, horns 2
a: Minor Destruction, Lesser Servant of Makhleb, Major Destruction, Greater
Servant of Makhleb, Renounce Religion


You were in the Dungeon.
You worshipped Makhleb.
Makhleb was exalted by your worship.
You were not hungry.

You visited 1 branch

Inventory:

Hand Weapons
 a - a +0 war axe
 l - the +∞ Axe of Woe (weapon)
   (You found it in the Dungeon)
Missiles
 d - 3 throwing nets (quivered)
Armour
 b - a +0 leather armour (worn)
 c - a +0 hat (worn)
Scrolls
 k - a scroll of blinking
Potions
 e - a potion of curing
 g - a potion of heal wounds
 h - a potion of haste
 i - 2 potions of magic
 j - a potion of berserk rage
Comestibles
 f - a ration


   Skills:
 O Level 27 Fighting
 O Level 27 Axes
 O Level 27 Throwing
 O Level 27 Armour
 O Level 27 Dodging
 O Level 27 Stealth
 O Level 27 Unarmed Combat
 O Level 27 Spellcasting
 O Level 27 Invocations


You had 80 spell levels left.
You didn't know any spells.
Your spell library was empty.

Dungeon Overview and Level Annotations

Branches:
Dungeon (1/1)

Altars:
Makhleb

Annotations:
D The Servant


Innate Abilities, Weirdness & Mutations

You reflexively headbutt those who attack you in melee.
You have a pair of horns on your head.


Message History

You hear a shout! x3
The eight-headed meat hydra calls on the powers of darkness!
The eight-headed meat hydra convulses!
The large bag of meat convulses!
The bag of meat convulses!
The Servant convulses!
The bag of meat convulses!
The meat berserker convulses!
Your body is wracked with pain!
* * * LOW HITPOINT WARNING * * *
The bag of meat convulses! x3; The meat berserker convulses!
The bag of meat convulses! x6
You hear a shout!
A hydra and a skeletal warrior come into view.
You are engulfed in blazing flames.
* * * LOW HITPOINT WARNING * * *
A meat beast comes into view.
The meat berserker rages.
The tyrant waves its bony arms in wide circles.
The air twists around and strikes you!
* * * LOW HITPOINT WARNING * * *
The accursed points at you and mumbles some strange words.
Something smites you!
You die... ........X. ....... ........... .Oo.... ......... ..o.o.z #.......# o.oo.L.

. #.......# oo....D
..###.......###WWoV...
......###))o§Mo.X....
......._)O{§§@OL.....
..#.))))#)))....#.#
#_.<)_#.@oDO.....
#.))).#...Xo.#.#.
......)_.......M.....
.V....###.O......o#§#
..###O.. ...###.......
. #.......# ..{...
#... ...#


You could see 2 accurseds, a tentacled monstrosity, 2 tyrants, The Servant, 2
eight-headed meat hydras, a destroyer, a sculptor of flesh (wandering), a large
bag of meat (inner flame), a large abomination, 2 dreads, 4 meat berserkers and
14 bags of meat.

Vanquished Creatures
  4 hell beasts (D)
  2 greater mummies (D)
  15 vampire knights (D)
  28 ogres (D)
  2 two-headed ogres (D)
  2 liches (D)
  57 orcs (D)
  A phantom (D)
  3 skeletal warriors (D)
  7 small abominations (D)
  7 large abominations (D)
  7 crawling corpses (D)
135 creatures vanquished.

Notes
Turn   | Place    | Note
-------+----------+-------------------------------------------
     0 | D        | Found the +∞ Axe of Woe
     0 | D        | Fang the Minotaur Gladiator began the quest for the Orb.
     0 | D        | Reached XP level 1. HP: 18/18 MP: 0/0
     4 | D        | Became a worshipper of Makhleb the Destroyer
     4 | D        | Noticed a bag of meat
     5 | D        | Noticed a meat berserker
     6 | D        | Noticed a bag of meat
     6 | D        | Noticed a bag of meat
     7 | D        | Noticed a meat berserker
     7 | D        | Noticed a bag of meat
     8 | D        | Noticed a bag of meat
     9 | D        | Killed a meat berserker
     9 | D        | Reached XP level 2. HP: 47/47 MP: 1/1
     9 | D        | Reached XP level 3. HP: 53/53 MP: 2/2
     9 | D        | Reached XP level 4. HP: 61/61 MP: 3/3
     9 | D        | Reached XP level 5. HP: 68/68 MP: 4/4
     9 | D        | Reached XP level 6. HP: 75/75 MP: 5/5
     9 | D        | Reached XP level 7. HP: 82/82 MP: 6/6
     9 | D        | Reached XP level 8. HP: 90/90 MP: 7/7
     9 | D        | Reached XP level 9. HP: 96/96 MP: 8/8
     9 | D        | Reached XP level 10. HP: 104/104 MP: 9/9
     9 | D        | Reached XP level 11. HP: 111/111 MP: 10/10
     9 | D        | Reached XP level 12. HP: 118/118 MP: 11/11
     9 | D        | Reached XP level 13. HP: 125/125 MP: 12/12
     9 | D        | Noticed a bag of meat
     9 | D        | Noticed a bag of meat
     9 | D        | Noticed a meat berserker
    10 | D        | Killed a bag of meat
    10 | D        | Reached * piety under Makhleb
    10 | D        | Reached skill level 15 in Fighting
    10 | D        | Killed a bag of meat
    10 | D        | Reached XP level 14. HP: 138/138 MP: 13/13
    10 | D        | Noticed a bag of meat
    11 | D        | Noticed a bag of meat
    11 | D        | Noticed a bag of meat
    12 | D        | Killed a bag of meat
    12 | D        | Reached skill level 27 in Axes
    13 | D        | Killed a meat berserker
    13 | D        | Reached ** piety under Makhleb
    13 | D        | Reached skill level 27 in Dodging
    13 | D        | Reached XP level 15. HP: 162/162 MP: 14/14
    15 | D        | Noticed a meat berserker
    16 | D        | Killed a meat berserker
    16 | D        | Reached skill level 27 in Fighting
    16 | D        | Reached XP level 16. HP: 183/183 MP: 15/15
    16 | D        | Reached *** piety under Makhleb
    16 | D        | Reached skill level 27 in Throwing
    17 | D        | Reached XP level 17. HP: 191/191 MP: 15/23
    17 | D        | Noticed a meat berserker
    17 | D        | Noticed a meat berserker
    18 | D        | Reached skill level 10 in Unarmed Combat
    18 | D        | Reached **** piety under Makhleb
    18 | D        | Reached skill level 10 in Stealth
    18 | D        | Noticed a meat berserker
    19 | D        | Reached skill level 15 in Armour
    21 | D        | Killed a meat berserker
    21 | D        | Reached skill level 15 in Invocations
    21 | D        | Reached XP level 18. HP: 200/200 MP: 15/32
    21 | D        | Noticed a meat berserker
    22 | D        | Killed a meat berserker
    22 | D        | Noticed a meat berserker
    24 | D        | Killed a meat berserker
    24 | D        | Reached ***** piety under Makhleb
    24 | D        | Reached XP level 19. HP: 164/207 MP: 16/36
    24 | D        | Reached skill level 15 in Spellcasting
    26 | D        | Killed a meat berserker
    27 | D        | Killed a meat berserker
    27 | D        | Reached XP level 20. HP: 216/216 MP: 16/40
    28 | D        | Killed a meat berserker
    28 | D        | Reached skill level 27 in Armour
    30 | D        | Reached skill level 27 in Unarmed Combat
    30 | D        | Reached ****** piety under Makhleb
    30 | D        | Reached XP level 21. HP: 224/224 MP: 17/43
    31 | D        | Noticed a destroyer
    32 | D        | Reached skill level 27 in Invocations
    33 | D        | Noticed a large bag of meat
    35 | D        | Reached skill level 27 in Stealth
    35 | D        | Killed a destroyer
    35 | D        | Reached skill level 27 in Spellcasting
    35 | D        | Reached XP level 22. HP: 233/233 MP: 18/52
    38 | D        | Noticed a destroyer
    39 | D        | Noticed a destroyer
    41 | D        | Killed a destroyer
    41 | D        | Reached XP level 23. HP: 240/240 MP: 20/53
    42 | D        | Noticed a destroyer
    42 | D        | Noticed a destroyer
    46 | D        | Killed a destroyer
    46 | D        | Reached XP level 24. HP: 249/249 MP: 21/53
    48 | D        | Noticed a destroyer
    49 | D        | Killed a large bag of meat
    51 | D        | Killed a destroyer
    51 | D        | Reached XP level 25. HP: 257/257 MP: 22/53
    52 | D        | Noticed a tyrant
    53 | D        | Killed a destroyer
    54 | D        | Noticed a destroyer
    55 | D        | Reached XP level 26. HP: 266/266 MP: 23/53
    57 | D        | Killed a destroyer
    57 | D        | Noticed a destroyer
    58 | D        | Noticed an accursed
    61 | D        | Killed a tyrant
    61 | D        | Reached XP level 27. HP: 273/273 MP: 25/53
    62 | D        | Noticed a meat beast
    63 | D        | Killed a destroyer
    64 | D        | Noticed a destroyer
    66 | D        | Noticed a destroyer
    66 | D        | Noticed an accursed
    67 | D        | Killed a meat beast
    67 | D        | Noticed a tyrant
    69 | D        | Noticed a destroyer
    71 | D        | Noticed a meat beast
    71 | D        | Noticed a destroyer
    72 | D        | Killed a destroyer
    73 | D        | Noticed a meat beast
    74 | D        | Killed an accursed
    75 | D        | Noticed a destroyer
    75 | D        | Noticed a large bag of meat
    76 | D        | Killed a destroyer
    76 | D        | Killed a destroyer
    76 | D        | Noticed a destroyer
    77 | D        | Noticed a meat beast
    78 | D        | Killed a destroyer
    79 | D        | Noticed a destroyer
    80 | D        | Killed a tyrant
    80 | D        | Killed a meat beast
    81 | D        | Killed an accursed
    81 | D        | Noticed a destroyer
    81 | D        | Noticed a tyrant
    81 | D        | Noticed an accursed
    82 | D        | Killed a destroyer
    82 | D        | Noticed a dread
    82 | D        | Noticed The Servant
    83 | D        | Noticed a meat beast
    84 | D        | Killed a meat beast
    84 | D        | Killed a large bag of meat
    84 | D        | Noticed an accursed
    86 | D        | Killed a meat beast
    86 | D        | Noticed a large bag of meat
    87 | D        | Noticed a dread
    88 | D        | Killed a destroyer
    88 | D        | Killed a destroyer
    90 | D        | Killed a destroyer
    91 | D        | Noticed a destroyer
    92 | D        | Noticed a tyrant
    94 | D        | Noticed a meat beast
    94 | D        | HP: 5/273 [tyrant/the air (45)]
    94 | D        | Killed from afar by an accursed

Vault maps used:
D:        meatsprint

Skill      XL: |  1  2  3  4  5  6  7  8  9 10 11 12 13 14 15 16 17 18 19 20 21 |
---------------+----------------------------------------------------------------+-----
Fighting       | 14 16 22 27 | 27.0
Axes           | 23 26 27 | 27.0
Throwing       | 11 13 18 24 27 | 27.0
Dodging        | 21 24 27 | 27.0
Armour         | 8 18 22 26 27 | 27.0
Stealth        | 6 14 18 21 24 27 | 27.0
Unarmed Combat | 7 16 20 25 27 | 27.0
Spellcasting   | 4 11 14 17 19 27 | 27.0
Invocations    | 6 15 19 23 26 27 | 27.0

Action                   |  1- 3 |  4- 6 |  7- 9 | 10-12 | 13-15 | 16-18 | 19-21 | 22-24 | 25-27 || total
-------------------------+-------+-------+-------+-------+-------+-------+-------+-------+-------++-------
Melee: Executioner's axe |     1 |       |       |       |     5 |     6 |     8 |    11 |    38 ||    69
Armor: Leather armour    |       |       |       |       |       |       |       |       |     1 ||     1
Dodge: Dodged            |       |       |       |       |     1 |       |     1 |     2 |     4 ||     8

Table legend:
 A = Non-vault XP
 B = Vault XP
 C = Vault XP percentage of total XP
 D = Non-vault monster count
 E = Vault monster count
 F = Vault count percentage of total count
                 A         B        C        D         E       F
            +---------+---------+-------+---------+---------+-------
      Total | 2392517 | 1305164 |  35.3 |      64 |      64 |  50.0
            +---------+---------+-------+---------+---------+-------
          D | 2392517 | 1305164 |  35.3 |      64 |      64 |  50.0
            +---------+---------+-------+---------+---------+-------
